[Event "*** Titled Tuesday Blitz"]
[Site "Chess.com"]
[Date "2020.04.21"]
[Round "3"]
[White "DoHoChess"]
[Black "mrsavic77"]
[Result "1/2-1/2"]
[WhiteElo "2531"]
[BlackElo "2746"]
[TimeControl "180+1"]
[EndTime "10:27:03 PDT"]
[Termination "Game drawn by agreement"]

1. Nf3 Nf6 2. c4 e6 3. g3 d5 4. Bg2 Be7 5. d4 O-O 6. Qc2 c6 7. O-O b6 8. b3 Bb7 9. Nc3 Nbd7 10.
Bb2 Rc8 11. e4 dxe4 12. Nxe4 c5 13. Nxf6+ Nxf6 14. Rad1 cxd4 15. Nxd4 Bxg2 16. Kxg2 Qc7 17.
Qe2 a6 18. Rd3 b5 19. Rc1 bxc4 20. Rxc4 Qb7+ 21. Qf3 Qxf3+ 22. Kxf3 Rxc4 23. bxc4 Rc8 24. Rb3 h5 25. Rb7 Bf8 26. Nb3 Rxc4 27. Rb8 Rc2 28. Nd4 Rc4 29. Nb3 Rc2 30. Nd4 Rc7 31. Kg2 Nd7 32.
Ra8 e5 33. Nb3 Rc2 34. Ba3 g6 35. Bxf8 Nxf8 36. Rxa6 Ne6 37. Ra5 e4 38. Re5 1/2-1/2

[Event "*** Titled Tuesday Blitz"]
[Site "Chess.com"]
[Date "2020.04.21"]
[Round "3"]
[White "FearNoEvil12"]
[Black "FM_VS99"]
[Result "0-1"]
[WhiteElo "2008"]
[BlackElo "2315"]
[TimeControl "180+1"]
[EndTime "10:27:03 PDT"]
[Termination "FM_VS99 won by resignation"]

1. e4 g6 2. Nc3 Bg7 3. f4 d6 4. Nf3 a6 5. a4 b6 6. Bc4 Bb7 7.
d3 Nf6 8. O-O d5 9. exd5 Nxd5 10. Nxd5 Bxd5 11. Bxd5 Qxd5 12. Qe2 Nc6 13. c3 O-O 14. d4 Rfe8 15. Ne5 f6 16. Nxc6 Qxc6 17. Bd2 e5 18. fxe5 fxe5 19. Qf2 exd4 20. cxd4 Rf8 21. Qh4 Rxf1+ 22. Rxf1 Re8 23. Bc3 Qxa4 24. Qf4 Qd7 25. d5 Rf8 26. Qc4 Rxf1+ 27. Kxf1 Qb5 28. Qxb5 axb5 29.
Ke2 Bxc3 30. bxc3 Kf7 31. Ke3 Ke7 32. Ke4 Kd6 33. h4 Kc5 34. g4 Kc4 35. Kf4 Kxc3 36. Kg5 b4 37. Kh6 b3 38. Kxh7 b2 0-1

[Event "*** Titled Tuesday Blitz"]
[Site "Chess.com"]
[Date "2020.04.21"]
[Round "3"]
[White "Perecke"]
[Black "Ranindu2003"]
[Result "0-1"]
[WhiteElo "2157"]
[BlackElo "2508"]
[TimeControl "180+1"]
[EndTime "10:27:04 PDT"]
[Termination "Ranindu2003 won by resignation"]

1. e4 g6 2. d4 Bg7 3. f4 d6 4. Nf3 Nf6 5. Nc3 O-O 6. Bd3 Na6 7. O-O c5 8. d5 Nc7 9. h3 Rb8 10. a4 b6 11. Be3 e6 12. dxe6 Bxe6 13. f5 Bd7 14.
fxg6 hxg6 15. Bg5 Ne6 16. Bh4 Bc6 17. e5 dxe5 18. Nxe5 Qd4+ 19. Kh2 Qxe5+ 20. Bg3 Qg5 21. h4 Qh6 22. Bxb8 Qxh4+ 23. Kg1 Rxb8 24. Qe2 Ng4 0-1

[Event "*** Titled Tuesday Blitz"]
[Site "Chess.com"]
[Date "2020.04.21"]
[Round "3"]
[White "imrk_64"]
[Black "Enriquack"]
[Result "0-1"]
[WhiteElo "2453"]
[BlackElo "2264"]
[TimeControl "180+1"]
[EndTime "10:27:04 PDT"]
[Termination "Enriquack won by resignation"]

1. Nf3 Nf6 2. d4 g6 3. Nc3 d5 4.
Bf4 Bg7 5. e3 O-O 6. Be2 c5 7.
dxc5 Qa5 8. O-O Qxc5 9. Nd4 Nc6 10. Nb3 Qb6 11. Nxd5 Nxd5 12. Qxd5 Be6 13. Qd2 Rfd8 14. Bd3 Nb4 15. Bc7 Qxc7 16. Qxb4 Bxb2 17. Rab1 Bc3 18.
Qh4 Rac8 19. f4 Bf6 20. Qg3 Bc4 21. Rbd1 a5 22. e4 a4 23. Nd2 Bxd3 24. cxd3 Qc2 25. Nf3 Rxd3 26. Rxd3 Qxd3 27. e5 Bg7 28. Qh4 e6 29. Qe7 Bf8 0-1

[Event "*** Titled Tuesday Blitz"]
[Site "Chess.com"]
[Date "2020.04.21"]
[Round "3"]
[White "AnonymusDonkey"]
[Black "Violord"]
[Result "0-1"]
[WhiteElo "2394"]
[BlackElo "2609"]
[TimeControl "180+1"]
[EndTime "10:27:05 PDT"]
[Termination "Violord won by resignation"]

1. e4 g6 2. d4 Bg7 3. Nc3 c6 4. Nf3 d5 5. h3 dxe4 6. Nxe4 Bf5 7. Ng3 Be6 8. Be2 Nf6 9. O-O O-O 10. c4 b5 11. d5 cxd5 12. cxb5 a6 13. a4 axb5 14. Bxb5 Bd7 15. Bxd7 Nbxd7 16. Bf4 Qb6 17. Qe2 e6 18. Ne5 Qb4 19. Nd3 Qb7 20. Rfc1 e5 21. Bxe5 Nxe5 22.
Nxe5 Rfe8 23. f4 Nd7 24. Qb5 Qxb5 25. axb5 Nxe5 26. fxe5 Bxe5 27. Nf1 Rab8 28. Rd1 Rxb5 29. Ra2 0-1

[Event "*** Titled Tuesday Blitz"]
[Site "Chess.com"]
[Date "2020.04.21"]
[Round "3"]
[White "erlesfar"]
[Black "Karacsonyi_Gellert"]
[Result "0-1"]
[WhiteElo "2245"]
[BlackElo "2487"]
[TimeControl "180+1"]
[EndTime "10:27:06 PDT"]
[Termination "Karacsonyi_Gellert won by resignation"]

1. e4 c5 2. d4 cxd4 3. c3 Nf6 4. e5 Nd5 5. Nf3 e6 6. cxd4 d6 7. a3 Nc6 8. Bd3 dxe5 9. dxe5 Be7 10. O-O O-O 11. Qe2 Bd7 12. Rd1 f5 13. exf6 Nxf6 14. Nc3 Qc7 15. Bc4 Kh8 16. Bxe6 Bxe6 17. Qxe6 Rae8 18.
Qh3 Bc5 19. Bg5 Qb6 20. Bxf6 Bxf2+ 21. Kh1 Rxf6 22. Nd5 Qxb2 23. Nxf6 Qxf6 24. Qd7 Rf8 25. Qxb7 Ne7 26. Qb5 Nf5 27. Rab1 Ne3 28. Rd3 Qg6 29. Rxe3 Bxe3 30. Qb4 Bc5 31. Qb3 Bxa3 32. h3 Bc5 33.
Rc1 Bb6 34. Qb4 Qf6 35. Qe4 h6 36. Rc6 Qa1+ 37. Kh2 Bf2 38. Qe5 Bg1+ 39. Kg3 Rxf3+ 40. Kxf3 Qxe5 41. Rc8+ Kh7 0-1

[Event "*** Titled Tuesday Blitz"]
[Site "Chess.com"]
[Date "2020.04.21"]
[Round "3"]
[White "DaggiGretarsson"]
[Black "fugadelafuga"]
[Result "0-1"]
[WhiteElo "2588"]
[BlackElo "2402"]
[TimeControl "180+1"]
[EndTime "10:27:07 PDT"]
[Termination "fugadelafuga won by resignation"]

1. d4 Nf6 2. c4 c5 3. Nf3 cxd4 4. Nxd4 Nc6 5. Nc3 d6 6. g3 g6 7. Bg2 Bg7 8. Nxc6 bxc6 9. Bxc6+ Bd7 10. Bxa8 Qxa8 11. f3 O-O 12. Be3 Rc8 13. b3 d5 14.
Rc1 dxc4 15. O-O Bh3 16. Re1 Ng4 17. Bf4 cxb3 18. Nd5 Rxc1 19. Nxe7+ Kh8 20. Qxc1 bxa2 21. Qa3 Bd4+ 22. e3 Qxf3 23. Nxg6+ hxg6 24. Qf8+ Kh7 25. Qxf7+ Bg7 0-1

[Event "*** Titled Tuesday Blitz"]
[Site "Chess.com"]
[Date "2020.04.21"]
[Round "3"]
[White "Mfcyryd"]
[Black "PowerThinking2650"]
[Result "1/2-1/2"]
[WhiteElo "2535"]
[BlackElo "2282"]
[TimeControl "180+1"]
[EndTime "10:27:09 PDT"]
[Termination "Game drawn by agreement"]

1. e4 e5 2. Nf3 Nc6 3. Bb5 a6 4.
Ba4 Nf6 5. d3 b5 6. Bb3 Bc5 7.
a4 Bb7 8. O-O d6 9. Nc3 Rb8 10.
Bg5 h6 11. Bxf6 Qxf6 12. axb5 axb5 13. Nxb5 Bb6 14. Bd5 O-O 15. Nd2 Nd4 16. Nxd4 Bxd5 17. exd5 Bxd4 18. c3 Bb6 19. Qe2 Qg6 20. Kh1 f5 21. b4 Rbe8 22. Nc4 e4 23. Nxb6 cxb6 24.
Ra6 Qf6 25. d4 f4 26. f3 exf3 27. Qxf3 Re3 28. Qf2 b5 29. Rc6 g5 30. h3 Qf5 31.
Rxd6 Rxc3 32. Qe2 Re3 33. Qxe3 fxe3 34. Rxf5 Rxf5 35. Re6 Rxd5 36. Rxe3 Rxd4 37. Rb3 Kg7 38. Kh2 Kg6 39. Kg3 Rc4 1/2-1/2

[Event "*** Titled Tuesday Blitz"]
[Site "Chess.com"]
[Date "2020.04.21"]
[Round "3"]
[White "Gloomy_Wanderer"]
[Black "JLRHei"]
[Result "1-0"]
[WhiteElo "2774"]
[BlackElo "2281"]
[TimeControl "180+1"]
[EndTime "10:27:09 PDT"]
[Termination "Gloomy_Wanderer won by resignation"]

1. d4 Nf6 2. Nf3 c5 3. d5 d6 4. Nc3 g6 5. e4 Bg7 6. Bb5+ Bd7 7. a4 O-O 8. h3 Na6 9. O-O Nc7 10.
Bc4 e5 11. dxe6 Bxe6 12. Bxe6 Nxe6 13. Re1 Nh5 14. Nd5 h6 15. c3 Kh7 16. Be3 b6 17. Qd2 Qd7 18. g4 Nf6 19. Nxf6+ Bxf6 20. Bxh6 Rh8 21.
e5 Be7 22. Rad1 Kg8 23. exd6 Qxd6 24. Qxd6 Bxd6 25. Rxd6 Rxh6 26. h4 Rc8 27. Kg2 Kg7 28. Kg3 Rhh8 29. Rd7 Rhe8 30. Ne5 Rc7 31. Red1 Rxd7 32.
Rxd7 Nd8 33. f4 a6 34. Rd6 b5 35. Rxa6 bxa4 36. Rxa4 f6 37. Ra7+ Kg8 38. Nxg6 Nc6 39. Rc7 Na5 1-0

[Event "*** Titled Tuesday Blitz"]
[Site "Chess.com"]
[Date "2020.04.21"]
[Round "3"]
[White "Vamostodorecto"]
[Black "Andreikka"]
[Result "0-1"]
[WhiteElo "2476"]
[BlackElo "2948"]
[TimeControl "180+1"]
[EndTime "10:27:11 PDT"]
[Termination "Andreikka won by resignation"]

1. d4 Nf6 2. c4 e6 3. Nc3 Bb4 4. Nf3 b6 5. e3 Bb7 6. Bd3 O-O 7. Qc2 d5 8. cxd5 exd5 9. O-O Be7 10. Ne5 c5 11. f4 Nc6 12. Bd2 cxd4 13. Nxc6 Bxc6 14. Ne2 dxe3 15. Bc3 Rc8 16. Bxf6 Bxf6 17. Bxh7+ Kh8 18. Bd3 d4 19. Qd1 Bh4 20. Nxd4 Bf2+ 21. Kh1 Qd5 22. Nxc6 Rxc6 23. Qe2 Rh6 24. f5 Qd6 25. h3 Qg3 26. Qf3 Rxh3+ 0-1

[Event "*** Titled Tuesday Blitz"]
[Site "Chess.com"]
[Date "2020.04.21"]
[Round "3"]
[White "silverback96"]
[Black "Bigfish1995"]
[Result "0-1"]
[WhiteElo "2189"]
[BlackElo "3061"]
[TimeControl "180+1"]
[EndTime "10:27:15 PDT"]
[Termination "Bigfish1995 won by resignation"]

1. d4 f5 2. Bg5 Nf6 3. Bxf6 exf6 4. e3 d5 5. Ne2 Be6 6. h4 g6 7. Nbc3 c6 8. Qd3 Bd6 9. g3 Nd7 10. Nf4 Bf7 11. Bh3 Qe7 12. O-O-O O-O-O 13. Rde1 Kb8 14. f3 Nb6 15. e4 dxe4 16. fxe4 Bxf4+ 17. gxf4 Qb4 18. d5 Nc4 19. Nd1 fxe4 20. Rxe4 Bxd5 21. Rd4 Qb6 22. Re1 Be6 23. Rxd8+ Rxd8 24. Qb3 Qd4 25. Qd3 Qxf4+ 26. Kb1 Rxd3 0-1

[Event "*** Titled Tuesday Blitz"]
[Site "Chess.com"]
[Date "2020.04.21"]
[Round "3"]
[White "GMMatamoros"]
[Black "andy_rekt"]
[Result "1-0"]
[WhiteElo "2527"]
[BlackElo "2248"]
[TimeControl "180+1"]
[EndTime "10:27:15 PDT"]
[Termination "GMMatamoros won by resignation"]

1. Nf3 c5 2. c4 Nc6 3. Nc3 e5 4. g3 g6 5. d3 Bg7 6. a3 Nge7 7.
Bg2 O-O 8. O-O d6 9. Rb1 a5 10. Bg5 f6 11. Bd2 Be6 12. Ne1 Rb8 13. Nc2 d5 14.
cxd5 Nxd5 15. b4 axb4 16. Nxd5 Bxd5 17. Bxd5+ Qxd5 18. axb4 cxb4 19. Nxb4 Nxb4 20. Rxb4 f5 21. Qb3 Qxb3 22. Rxb3 Rf7 23. Rfb1 Rd7 24. Rb5 Kf7 25.
Be3 Bf6 26. h4 Ke6 27. Ba7 Ra8 28. Bc5 Rb8 29. Rb6+ Kf7 30. Bd6 Rbd8 31. Rxb7 Rxb7 32. Rxb7+ Ke6 33. Bb4 h5 34. Bd2 e4 35. Rb6+ Kf7 36.
Rxf6+ 1-0

[Event "*** Titled Tuesday Blitz"]
[Site "Chess.com"]
[Date "2020.04.21"]
[Round "3"]
[White "MFBerna"]
[Black "nonscitis"]
[Result "1-0"]
[WhiteElo "2372"]
[BlackElo "2615"]
[TimeControl "180+1"]
[EndTime "10:27:17 PDT"]
[Termination "MFBerna won by resignation"]

1. e4 e5 2. Nf3 Nc6 3. Bc4 Nf6 4. d3 Be7 5. O-O O-O 6. c3 d6 7. h3 Kh8 8. Re1 Ng8 9. d4 f5 10. exf5 Bxf5 11. dxe5 Nxe5 12. Nxe5 dxe5 13. Qxd8 Raxd8 14. Nd2 e4 15. Nf1 Bh4 16. Be3 b6 17. Rad1 Ne7 18.
Ng3 Bxg3 19. fxg3 c6 20. Rxd8 Rxd8 21. Bg5 Re8 22. Rf1 Bxh3 23. Bxe7 Bc8 24. Rf8+ Rxf8 25. Bxf8 g5 26. Kf2 h6 27. Bxh6 1-0

[Event "*** Titled Tuesday Blitz"]
[Site "Chess.com"]
[Date "2020.04.21"]
[Round "3"]
[White "agrigo3"]
[Black "harkerchess"]
[Result "1-0"]
[WhiteElo "2305"]
[BlackElo "1947"]
[TimeControl "180+1"]
[EndTime "10:27:17 PDT"]
[Termination "agrigo3 won by resignation"]

1. Nf3 d5 2. g3 Bg4 3. Bg2 e6 4. O-O Bd6 5. d3 Ne7 6. Nbd2 O-O 7. e4 dxe4 8. dxe4 Nbc6 9. c3 Ne5 10. Qe2 N7c6 11. h3 Bh5 12. g4 Bg6 13. Nxe5 Nxe5 14.
f4 Nd3 15. f5 Nf4 16. Qf3 Nd3 17. Nc4 exf5 18. exf5 Bc5+ 19. Be3 b5 20. Bxc5 Nxc5 21. Ne3 Qd2 22. Rf2 Qd3 23. Rd1 Bxf5 24. gxf5 Qxe3 25.
Qxe3 1-0

[Event "*** Titled Tuesday Blitz"]
[Site "Chess.com"]
[Date "2020.04.21"]
[Round "3"]
[White "Camels1981"]
[Black "joksijoksi"]
[Result "1-0"]
[WhiteElo "2064"]
[BlackElo "2368"]
[TimeControl "180+1"]
[EndTime "10:27:20 PDT"]
[Termination "Camels1981 won by resignation"]

1. e4 c5 2. Nf3 Nc6 3. d4 cxd4 4. Nxd4 e5 5. Nb5 d6 6. N1c3 a6 7. Na3 Be6 8. Nc4 Rb8 9. Ne3 Nf6 10. Be2 Be7 11. O-O O-O 12. Bf3 Nd4 13. Ncd5 Bxd5 14. Nxd5 Nxd5 15. exd5 Bg5 16. Be4 f5 17. Bd3 Bxc1 18.
Rxc1 Nb5 19. Re1 Nc7 20. c4 b6 21. b4 Kh8 22. Bf1 a5 23. a3 axb4 24. axb4 Na6 25.
Qa4 Ra8 26. Ra1 Qc7 27. b5 1-0

[Event "*** Titled Tuesday Blitz"]
[Site "Chess.com"]
[Date "2020.04.21"]
[Round "3"]
[White "KrakenBeast"]
[Black "robertofabregas"]
[Result "1-0"]
[WhiteElo "2351"]
[BlackElo "2110"]
[TimeControl "180+1"]
[EndTime "10:27:20 PDT"]
[Termination "KrakenBeast won by resignation"]

1. d4 Nf6 2. c4 e6 3. g3 c6 4. Bg2 d5 5. Nd2 Be7 6. Ngf3 O-O 7. Qc2 Nbd7 8. O-O Re8 9. e4 Nxe4 10. Nxe4 dxe4 11. Qxe4 Nf6 12. Qe2 Qc7 13.
b3 b6 14. Bb2 Bb7 15. Rfd1 Rad8 16. Rd3 c5 17. Rad1 cxd4 18. Nxd4 Bxg2 19. Kxg2 Rd7 20.
Qf3 Red8 21. Nc6 Rxd3 22. Rxd3 Rxd3 23. Nxe7+ Qxe7 24. Qxd3 Qd7 25. Qxd7 Nxd7 26. Kf3 f5 27. b4 Kf7 28. Kf4 g6 29. f3 h6 30. h4 e5+ 31. Ke3 Ke6 32. g4 Nb8 33. h5 gxh5 34.
gxh5 Nc6 35. a3 Ne7 36. f4 exf4+ 37. Kxf4 Nc8 38. Bg7 Nd6 39. c5 bxc5 40. bxc5 Nc4 41. a4 Nb2 42. Bxb2 Kd5 43. Kxf5 Kxc5 44. Kg6 1-0

[Event "*** Titled Tuesday Blitz"]
[Site "Chess.com"]
[Date "2020.04.21"]
[Round "3"]
[White "Anurag328"]
[Black "dragos420"]
[Result "1-0"]
[WhiteElo "2714"]
[BlackElo "2505"]
[TimeControl "180+1"]
[EndTime "10:27:22 PDT"]
[Termination "Anurag328 won by resignation"]

1. c4 e5 2. g3 Nf6 3. Bg2 c6 4. Nf3 e4 5. Nd4 d5 6. cxd5 cxd5 7. d3 Bc5 8. Nb3 Bb6 9. dxe4 dxe4 10. Qxd8+ Bxd8 11. Nc3 Bf5 12. Nc5 O-O 13. Nxb7 Be7 14. Bf4 Nc6 15. Nd6 Bxd6 16. Bxd6 Rfe8 17. O-O Rad8 18. Rfd1 h6 19. b4 a6 20. a4 Rc8 21. b5 Na7 22. b6 Rxc3 23. bxa7 Ra8 24. Bb8 Nd7 25. g4 Nxb8 26. Rd8+ Kh7 27. axb8=Q Rxb8 28. Rxb8 Bxg4 29.
Bxe4+ 1-0

[Event "*** Titled Tuesday Blitz"]
[Site "Chess.com"]
[Date "2020.04.21"]
[Round "3"]
[White "Sashadav97"]
[Black "Ekka83"]
[Result "1-0"]
[WhiteElo "2556"]
[BlackElo "2273"]
[TimeControl "180+1"]
[EndTime "10:27:22 PDT"]
[Termination "Sashadav97 won by checkmate"]

1. d4 Nf6 2. c4 g6 3. Nc3 Bg7 4. e4 O-O 5. Be2 d6 6. Be3 e5 7.
d5 a5 8. g4 Na6 9. h4 Ne8 10. h5 f5 11. hxg6 hxg6 12. gxf5 gxf5 13. Nf3 f4 14. Bd2 Nc5 15. Qc2 Bg4 16. O-O-O Kf7 17.
Rdg1 Bxf3 18. Bxf3 Nf6 19. Rg2 Rh8 20. Rhg1 Rh7 21.
Ne2 Qd7 22. Bg4 Nxg4 23. Rxg4 Bf6 24. Nxf4 exf4 25. e5 Rah8 26. Qg6+ Kf8 27. Qxf6+ Qf7 28. Qd8+ Qe8 29. Rg8+ Rxg8 30. Rxg8+ Kxg8 31. Qxe8+ Kg7 32. e6 Rh1+ 33. Kc2 Rh2 34. Qf7+ Kh8 35. Bc3# 1-0

[Event "*** Titled Tuesday Blitz"]
[Site "Chess.com"]
[Date "2020.04.21"]
[Round "3"]
[White "Tapuah"]
[Black "AndrewMaco"]
[Result "1-0"]
[WhiteElo "2850"]
[BlackElo "2568"]
[TimeControl "180+1"]
[EndTime "10:27:24 PDT"]
[Termination "Tapuah won by resignation"]

1. e4 c6 2. d4 d5 3. e5 Bf5 4. Nf3 e6 5. Be2 Ne7 6. c3 Nd7 7. O-O c5 8. dxc5 Nxc5 9. Nd4 Bg6 10. Be3 Nc6 11. f4 Ne4 12. Nd2 Bc5 13. N2f3 O-O 14. Kh1 Bb6 15. g4 Qd7 16. Qe1 f6 17. f5 fxe5 18.
fxg6 exd4 19. gxh7+ Kh8 20. cxd4 e5 21. Nh4 Kxh7 22.
Nf5 Nxd4 23. Bxd4 Bxd4 24. Qh4+ Kg8 25. Ne7+ Qxe7 26. Qxe7 Nf2+ 27. Kg2 Rf7 28. Qe6 Rf8 29. Rac1 Kh8 30. Rc8 Rxc8 31. Qxf7 Ne4 32. Qxd5 Nf6 33.
Rxf6 gxf6 34. Bd3 Rg8 35. Kf3 Bxb2 36. Qf7 Rg7 37. Qf8+ 1-0

[Event "*** Titled Tuesday Blitz"]
[Site "Chess.com"]
[Date "2020.04.21"]
[Round "3"]
[White "eldur16"]
[Black "fridaywins"]
[Result "0-1"]
[WhiteElo "2527"]
[BlackElo "2296"]
[TimeControl "180+1"]
[EndTime "10:27:24 PDT"]
[Termination "fridaywins won by resignation"]

1. c4 e5 2. g3 Nf6 3. Bg2 c6 4.
d4 Bb4+ 5. Bd2 Bxd2+ 6. Qxd2 d6 7. Nc3 O-O 8. e3 Nbd7 9. Nge2 Qe7 10. O-O a6 11. d5 c5 12. e4 Rb8 13. a4 Ne8 14.
Rab1 Nc7 15. b4 cxb4 16. Rxb4 Nc5 17. a5 f5 18. exf5 Bxf5 19. Qe3 Qd7 20. f3 Rbe8 21. Ne4 Bxe4 22. fxe4 Rxf1+ 23. Bxf1 Rf8 24. Bg2 Ne8 25. Nc3 Nf6 26. h3 Qc7 27. g4 Qxa5 28. Rb1 Qc7 29. Rf1 Nfd7 30. Rf5 Nb6 31. Rxf8+ Kxf8 32. Bf1 Qf7 33.
Ne2 Nxc4 34. Qc1 b5 35. Ng3 Qf4 36. Qe1 Ne3 37. Be2 g6 38. Kh1 Nxe4 0-1

[Event "*** Titled Tuesday Blitz"]
[Site "Chess.com"]
[Date "2020.04.21"]
[Round "3"]
[White "EmmaChess"]
[Black "Nastya_Rakhmangulova"]
[Result "1-0"]
[WhiteElo "2592"]
[BlackElo "2373"]
[TimeControl "180+1"]
[EndTime "10:27:25 PDT"]
[Termination "EmmaChess won by resignation"]

1. b3 e5 2. Bb2 Nc6 3. g3 d6 4.
Bg2 g6 5. c4 Bg7 6. e3 Nge7 7.
Ne2 O-O 8. d4 exd4 9. Nxd4 Nxd4 10. Bxd4 Bxd4 11. Qxd4 Nc6 12. Qb2 Bg4 13. h3 Bf5 14. g4 Bxb1 15. Rxb1 Qh4 16. O-O h5 17. gxh5 Qxh5 18. Rbd1 Ne5 19. f4 Nc6 20. Rd5 f5 21.
e4 Rae8 22. e5 dxe5 23. Rd7 Kh8 24. Bxc6 bxc6 25. fxe5 Re6 26. Kh2 Rfe8 27. Rxc7 Rxe5 28. Re1 Qe2+ 29. Rxe2 1-0

[Event "*** Titled Tuesday Blitz"]
[Site "Chess.com"]
[Date "2020.04.21"]
[Round "3"]
[White "ChadBiryani"]
[Black "7Madman"]
[Result "0-1"]
[WhiteElo "2377"]
[BlackElo "2597"]
[TimeControl "180+1"]
[EndTime "10:27:27 PDT"]
[Termination "7Madman won by resignation"]

1. d4 Nf6 2. Bf4 e6 3. e3 b6 4. Nf3 Bb7 5. Be2 d5 6. O-O Bd6 7. Bg3 Ne4 8. Nbd2 Nxg3 9. hxg3 h5 10. Ne5 h4 11. g4 h3 12. g3 h2+ 13. Kh1 f6 14. Ng6 Rh6 15. Bd3 Nd7 16. f4 c5 17.
c3 Qc7 18. Rc1 O-O-O 19. Rf2 e5 20. Bf5 Rh3 21. Rxh2 Rxg3 22. Nf1 exf4 23. Nxg3 fxg3 24. Rg2 Kb8 25. Kg1 Nf8 26. Qf3 Nxg6 27. Bxg6 Rh8 28.
Kf1 Ba6+ 29. Ke1 cxd4 30. exd4 Rh1+ 31. Kd2 Bf4+ 32. Kc2 Rxc1+ 33. Kb3 Qc4+ 34. Ka3 Bd6+ 35. b4 Rxc3+ 0-1

[Event "*** Titled Tuesday Blitz"]
[Site "Chess.com"]
[Date "2020.04.21"]
[Round "3"]
[White "MFguimaraes"]
[Black "ChessMavenYeti"]
[Result "1-0"]
[WhiteElo "2409"]
[BlackElo "2121"]
[TimeControl "180+1"]
[EndTime "10:27:27 PDT"]
[Termination "MFguimaraes won by checkmate"]

1. e4 e5 2. Nf3 Nf6 3. d4 Nxe4 4. Bd3 d5 5. dxe5 Be7 6. Nc3 Nc5 7. Nxd5 Nxd3+ 8. Qxd3 O-O 9. Nxe7+ Qxe7 10. O-O Nc6 11. Ng5 g6 12. f4 Bf5 13. Qg3 Nd4 14. Qh4 h5 15. h3 Nxc2 16. g4 Qc5+ 17. Kh2 Nxa1 18.
gxf5 Qc2+ 19. Kh1 Qxf5 20. Qe1 Nc2 21. Qc3 Rfd8 22. e6 fxe6 23. Qxc7 Qd5+ 24. Kh2 Rd7 25. Qxc2 Qf5 26. Qxf5 exf5 27. Re1 Rc8 28. Be3 Rc2+ 29.
Kg3 Rxb2 30. Bxa7 Rxa2 31. Re8+ Kg7 32. Bc5 Rd3+ 33. Kh4 Rc2 34. Bf8+ Kf6 35. Re6# 1-0

[Event "*** Titled Tuesday Blitz"]
[Site "Chess.com"]
[Date "2020.04.21"]
[Round "3"]
[White "GOGIEFF"]
[Black "GukeshDommaraju"]
[Result "1-0"]
[WhiteElo "2961"]
[BlackElo "2681"]
[TimeControl "180+1"]
[EndTime "10:27:28 PDT"]
[Termination "GOGIEFF won by resignation"]

1. d4 Nf6 2. c4 e6 3. Nc3 Bb4 4. e3 d5 5. a3 Be7 6. Nf3 O-O 7. b4 a5 8. b5 dxc4 9. Bxc4 b6 10. O-O c6 11.
bxc6 Nxc6 12. e4 Bb7 13. Bb2 Rc8 14. Ba2 Na7 15. d5 exd5 16. e5 Ne4 17. Nxd5 Bc5 18. Nf4 Ba6 19. Qe1 Ng5 20. Nxg5 Qxg5 21. Qe4 Bxf1 22.
Rxf1 Nb5 23. e6 Bxa3 24. exf7+ Kh8 25. Ne6 Qg6 26. Bxg7+ Qxg7 27. Nxg7 Kxg7 28. Qe5+ 1-0

[Event "*** Titled Tuesday Blitz"]
[Site "Chess.com"]
[Date "2020.04.21"]
[Round "3"]
[White "Justinz"]
[Black "SGchess01"]
[Result "1-0"]
[WhiteElo "2296"]
[BlackElo "2701"]
[TimeControl "180+1"]
[EndTime "10:27:28 PDT"]
[Termination "Justinz won by resignation"]

1. e4 e5 2. Nf3 Nc6 3. Nc3 Nf6 4. Bb5 Nd4 5. Ba4 c6 6. Nxe5 d5 7. O-O Bd6 8. Nd3 Bxh2+ 9. Kh1 Ng4 10. g3 dxe4 11.
Nxe4 Qd5 12. f3 Qh5 13. Kg2 Bg1 14. Rxg1 Qh2+ 15. Kf1 Ne5 16. Ndf2 Nexf3 17. Rg2 Bh3 18. Nxh3 Qxh3 19. Nf2 Qf5 20. c3 1-0

[Event "*** Titled Tuesday Blitz"]
[Site "Chess.com"]
[Date "2020.04.21"]
[Round "3"]
[White "amintabatabaei"]
[Black "ArnaudovP"]
[Result "1/2-1/2"]
[WhiteElo "2828"]
[BlackElo "2638"]
[TimeControl "180+1"]
[EndTime "10:27:30 PDT"]
[Termination "Game drawn by repetition"]

1. e4 c6 2. d4 d5 3. exd5 cxd5 4. Bd3 Nf6 5. c3 Nc6 6. Bf4 Bg4 7. Qb3 Qd7 8. Nd2 e6 9. Ngf3 Bd6 10. Bxd6 Qxd6 11.
O-O O-O 12. Rfe1 Bxf3 13. Nxf3 Qc7 14. Qd1 g6 15. g3 Rab8 16. a4 a6 17. Qe2 Kg7 18.
h4 Rfe8 19. Kg2 Nd7 20. h5 e5 21. dxe5 Ndxe5 22. Nxe5 Rxe5 23. Qg4 Rxh5 24. Rh1 Rxh1 25. Rxh1 h5 26. Rxh5 Ne5 27. Qg5 Nxd3 28. Qh6+ Kf6 29. Qg5+ Kg7 30. Qh6+ Kf6 31. Qg5+ Kg7 1/2-1/2

[Event "*** Titled Tuesday Blitz"]
[Site "Chess.com"]
[Date "2020.04.21"]
[Round "3"]
[White "aNaartjieZA"]
[Black "VinzentSpitzl"]
[Result "1-0"]
[WhiteElo "2589"]
[BlackElo "2366"]
[TimeControl "180+1"]
[EndTime "10:27:30 PDT"]
[Termination "aNaartjieZA won by resignation"]

1. e4 c5 2. Nf3 d6 3. g3 Nc6 4. Bg2 g6 5. O-O Bg7 6. c3 Nf6 7. Re1 O-O 8. h3 e5 9. d3 Be6 10. a3 h6 11. b4 a6 12. Nbd2 b5 13. Bb2 Qb6 14. d4 cxd4 15. cxd4 exd4 16. Nb3 Bxb3 17. Qxb3 Nd7 18. Rad1 Nde5 19. Nxd4 Nc4 20. Nxc6 Bxb2 21. Ne7+ Kg7 22. a4 Bd4 23. Re2 Rfe8 24. a5 Qb7 25.
Nf5+ gxf5 26. Rxd4 fxe4 27. Bxe4 Qd7 28. Qf3 Rac8 29.
Bf5 Qb7 30. Qxb7 1-0

[Event "*** Titled Tuesday Blitz"]
[Site "Chess.com"]
[Date "2020.04.21"]
[Round "3"]
[White "Shant_Sargsyan"]
[Black "Nikolakis2014"]
[Result "1-0"]
[WhiteElo "2990"]
[BlackElo "2685"]
[TimeControl "180+1"]
[EndTime "10:27:31 PDT"]
[Termination "Shant_Sargsyan won by resignation"]

1. d4 Nf6 2. c4 e6 3. Nf3 d5 4. Nc3 Be7 5. Bf4 O-O 6. e3 Nbd7 7. Be2 dxc4 8. O-O a6 9. a4 b6 10. Bxc4 Bb7 11. Qe2 c5 12. Rfd1 cxd4 13. Rxd4 Bc5 14. Rd2 Bb4 15. Rad1 Bxc3 16. bxc3 Qc8 17. Rd6 Re8 18.
Bg3 Bc6 19. Ne5 Bxa4 20. R1d4 Nc5 21. Rxb6 Bb5 22. Qf3 Ncd7 23. Rb7 Nxe5 24. Bxe5 Bc6 25. Qxf6 1-0

[Event "*** Titled Tuesday Blitz"]
[Site "Chess.com"]
[Date "2020.04.21"]
[Round "3"]
[White "albi1999"]
[Black "Nakachuk"]
[Result "0-1"]
[WhiteElo "2595"]
[BlackElo "2783"]
[TimeControl "180+1"]
[EndTime "10:27:31 PDT"]
[Termination "Nakachuk won by resignation"]

1. d4 Nf6 2. c4 g6 3. g3 Bg7 4.
Bg2 O-O 5. Nc3 d6 6. Nf3 Nbd7 7. O-O e5 8. e4 Re8 9. h3 exd4 10. Nxd4 Nc5 11.
Re1 Bd7 12. Bf4 h6 13. Kh2 Ne6 14. Be3 c6 15. Qd2 Kh7 16. Rad1 Qe7 17. b3 Nc5 18. Qc2 a5 19. Bf4 Nh5 20. Nxc6 Bxc6 21. Bxd6 Qg5 22.
h4 Qg4 23. Bxc5 Be5 24. Bd6 Qxh4+ 25. Kg1 Qf6 26. Bxe5 Rxe5 27. Nd5 Bxd5 28. exd5 Rae8 29. Qd2 Rxe1+ 30. Rxe1 Rxe1+ 31. Qxe1 Qd4 32. Qe7 Kg7 33. d6 Nf6 34. Bd5 Nxd5 35. d7 Nxe7 0-1

[Event "*** Titled Tuesday Blitz"]
[Site "Chess.com"]
[Date "2020.04.21"]
[Round "3"]
[White "IMRosen"]
[Black "Shaman91"]
[Result "0-1"]
[WhiteElo "2468"]
[BlackElo "2848"]
[TimeControl "180+1"]
[EndTime "10:27:31 PDT"]
[Termination "Shaman91 won by resignation"]

1. d4 g6 2. e4 Bg7 3. Nf3 c6 4.
Nc3 d5 5. h3 dxe4 6. Nxe4 Nf6 7.
Nxf6+ exf6 8. Be2 O-O 9. O-O Be6 10. Be3 a5 11. c4 Na6 12. Qd2 Nc7 13. Rac1 Re8 14.
Rfd1 a4 15. Bf1 Qd7 16. Bh6 Rad8 17. Bxg7 Kxg7 18. Qc3 Bf5 19. Rd2 Be4 20. Rcd1 Qe7 21. Re1 Qd6 22. Red1 b5 23. b3 axb3 24. axb3 bxc4 25.
bxc4 Ra8 26. Ra1 Rxa1 27. Qxa1 Bxf3 28. gxf3 Ne6 29. d5 Ng5 30. Qd1 Re1 31. Qb3 Nxh3+ 32. Kg2 Nf4+ 33. Kg1 Qe5 34. Rd1 Qg5+ 35. Kh2 Rxf1 0-1